 Dungeon Crawl Stone Soup version 0.22.0 (webtiles) character file.

8071 DingoDongler the Protected (level 11, -4/80 HPs)
             Began as a Gnoll Wanderer on Aug 14, 2018.
             Killed by divine providence
             ... invoked by an orc priest
              (12 damage)
             ... on level 11 of the Dungeon on Aug 15, 2018.
             The game lasted 01:03:50 (13187 turns).

DingoDongler the Protected (Gnoll Wanderer)        Turns: 13187, Time: 01:03:51

Health: -4/80      AC: 17    Str: 17    XL:     11   Next: 25%
Magic:  20/20      EV: 11    Int: 14    God:    Xom [......]
Gold:   224        SH: 10    Dex: 16    Spells: 22/22 levels left

rFire    . . .     SeeInvis +   W - +3 morningstar "Beetlebane" {crush, SInv Stlth+}
rCold    . . .     Gourm    .   L - +0 shield
rNeg     . . .     Faith    .   a - +2 scale mail
rPois    +         Spirit   .   (no helmet)
rElec    .         Reflect  .   (no cloak)
rCorr    .         Harm     .   n - +2 pair of gloves
MR       .....                  (no boots)
Stlth    +++.......             I - amulet of magic regeneration
HPRegen  0.23/turn              o - ring of poison resistance
MPRegen  0.42/turn              P - +4 ring of protection

@: drained
A: distributed training, fangs 1, see invisible, frail 1, strong nose
a: Renounce Religion


You were on level 11 of the Dungeon.
You worshipped Xom.
You were a very special plaything of Xom.
You were hungry.

You visited 2 branches of the dungeon, and saw 12 of its levels.
You also visited: Sewer.

You collected 473 gold pieces.
You spent 249 gold pieces at shops.

Inventory:

Hand Weapons
 c - a +0 shortbow
 q - a +1 war axe of electrocution
 t - a +2 vampiric short sword
 B - a +0 great sword
 C - a +1 antimagic spear
 S - the +4 spear "Cym Riont" {pierce, rC++}
   (You bought it in a shop on level 8 of the Dungeon)

   It inflicts extra damage upon your enemies.
   It greatly protects you from cold.
 W - the +3 morningstar "Beetlebane" (weapon) {crush, SInv Stlth+}
   (You took it off an orc on level 8 of the Dungeon)

   It inflicts extra damage upon your enemies.
   It lets you see invisible.
   It makes you more stealthy.
Missiles
 d - 207 arrows
Armour
 a - a +2 scale mail (worn)
 n - a +2 pair of gloves (worn)
 u - a +0 chain mail
 L - a +0 shield (worn)
 N - a +0 pair of gloves of archery
Jewellery
 e - an uncursed ring of positive energy
 o - a ring of poison resistance (left hand)
 p - an uncursed ring of resist corrosion
 z - an uncursed ring of stealth {unknown}
 I - an amulet of magic regeneration (around neck)
 M - an uncursed amulet of harm {unknown}
 P - a +4 ring of protection (right hand)
Wands
 i - a wand of acid (6)
 D - a wand of polymorph (9)
 Q - a wand of disintegration (12)
Scrolls
 b - 3 scrolls of teleportation
 h - 2 scrolls of enchant armour {unknown}
 l - 10 scrolls of identify
 r - 2 scrolls of silence {unknown}
 v - 4 scrolls of remove curse
 y - 3 scrolls of immolation {unknown}
 A - a scroll of blinking {unknown}
 E - a scroll of noise {unknown}
 F - a scroll of random uselessness {unknown}
 G - a scroll of vulnerability {unknown}
 J - 2 scrolls of fear {unknown}
 K - a scroll of amnesia {unknown}
 T - a scroll of enchant weapon {unknown}
 V - a scroll of torment {unknown}
Potions
 g - 3 potions of cancellation {unknown}
 j - 3 potions of curing
 k - 5 potions of agility
 m - 5 potions of haste {unknown}
 s - 2 potions of heal wounds {unknown}
 w - a potion of brilliance {unknown}
 x - 2 potions of might {unknown}
 H - a potion of mutation {unknown}
 R - 3 potions of flight {unknown}
 X - a potion of degeneration {unknown}
Comestibles
 f - 18 rations


   Skills:
 + Level 9.0(8.0) Fighting
 + Level 6.0(5.1) Short Blades
 + Level 6.0(5.1) Long Blades
 + Level 6.6(5.7) Axes
 + Level 6.0(5.1) Maces & Flails
 + Level 6.0(5.1) Polearms
 + Level 6.0(5.1) Staves
 + Level 6.0(5.1) Slings
 + Level 6.6(5.7) Bows
 + Level 6.0(5.1) Crossbows
 + Level 7.6(6.7) Throwing
 + Level 9.0(8.0) Armour
 + Level 6.0(5.1) Dodging
 + Level 6.0(5.1) Stealth
 + Level 6.0(5.1) Shields
 + Level 6.0(5.1) Unarmed Combat
 + Level 6.0(5.1) Spellcasting
 + Level 5.0(4.1) Conjurations
 + Level 5.0(4.1) Hexes
 + Level 5.0(4.1) Charms
 + Level 5.0(4.1) Summonings
 + Level 5.0(4.1) Necromancy
 + Level 5.0(4.1) Translocations
 + Level 5.0(4.1) Transmutations
 + Level 5.0(4.1) Fire Magic
 + Level 5.0(4.1) Ice Magic
 + Level 5.0(4.1) Air Magic
 + Level 5.0(4.1) Earth Magic
 + Level 5.0(4.1) Poison Magic
 + Level 6.6(5.7) Invocations
 + Level 6.0(5.1) Evocations


You had 22 spell levels left.
You didn't know any spells.
Your spell library contained the following spells:

 Spells                   Type           Power        Failure   Level  Hunger
 Confuse                  Hex            ###.....     67%         3    ###....
 Regeneration             Chrm/Necr      ###.......   67%         3    ###....
 Confusing Touch          Hex            ###...       32%         1    None
 Metabolic Englaciation   Hex/Ice        ###.......   100%        5    ######.
 Petrify                  Tmut/Erth      ###.....     97%         4    ####...
 Shroud of Golubria       Chrm/Tloc      ###.......   43%         2    ##.....
 Infusion                 Chrm           ###.         32%         1    None
 Song of Slaying          Chrm           ###.....     43%         2    ##.....
 Spectral Weapon          Hex/Chrm       ###.....     67%         3    ###....
 Gell's Gravitas          Tloc           ###.......   67%         3    ###....
 Yara's Violent Unravell  Hex/Tmut       ###.......   100%        5    ######.


Dungeon Overview and Level Annotations

Branches:
Dungeon (11/15)            Temple (1/1) D:4            Lair (0/6) D:9
    Orc (0/2) D:9

Altars:
Ashenzari
Cheibriados
Dithmenos
Elyvilon
Fedhas
Gozag
Hepliaklqana
Kikubaaqudgha
Makhleb
Nemelex Xobeh
Okawaru
Qazlal
Ru
Sif Muna
Trog
Uskayaw
Vehumet
Wu Jian
Xom
Yredelemnul
Zin
The Shining One
Beogh

Shops:
D:4 %   D:5 ?   D:8 (

Annotations:
D:8 Gastronok


Innate Abilities, Weirdness & Mutations

Your experience applies equally to all skills.
You have very sharp teeth.
Your uncanny sense of smell can sniff out nearby items.
You have supernaturally acute eyesight. (SInv)
You are frail. (-10% HP)


Message History

The orc priest is lightly wounded.
You block the orc's attack. The orc priest closely misses you.
The orc warrior hits you but does no damage.
The orc hits you but does no damage.
You puncture the orc priest!
The orc priest is severely wounded.
The orc priest looks satisfied for a moment.
The orc warrior hits you with a dire flail!
* * * LOW HITPOINT WARNING * * *
You block the orc's attack.
You closely miss the orc priest.
The orc priest is severely wounded.
The orc priest invokes the aid of Beogh against you.
Beogh smites you!
* * * LOW HITPOINT WARNING * * *
Xom is mildly amused.
You block the orc warrior's attack. You block the orc's attack.
The orc priest calls down the wrath of Beogh upon you.
Beogh smites you!
You die...

<.)...)...YYo.oY..$......
...########Y.o..Y........
#### # #.......#####>.
..........# ......######
.......# .......######
..........oo#
...........@.#
##....?.o)# ##########


You could see an orc warrior, an orc priest and an orc.

Vanquished Creatures
  Harold (D:8)
  A death yak (D:9)
  Pikel (D:8)
  A hornet (D:7)
  A wind drake (D:9)
  A hippogriff (D:9)
  A human (D:7)
  4 hogs (D:7)
  A hungry ghost (D:9)
  2 water moccasins (D:10)
  2 orc warriors
  2 black bears
  A slave (D:8)
  2 phantoms
  2 eyes of draining (D:4)
  6 sky beasts
  4 ogres
  A centaur (D:10)
  2 crocodiles (D:9)
  7 bullfrogs
  2 scorpions
  8 wights
  2 howler monkeys
  3 centaur zombies
  2 crimson imps
  2 bullfrog skeletons
  4 hounds
  3 jellies
  6 orc priests
  5 orc wizards
  2 centaur skeletons
  Jessica (D:2)
  3 iguanas
  6 worker ants
  A river rat (Sewer)
  11 adders
  3 shadow imps
  4 oozes
  An adder zombie (D:9)
  4 worms
  3 dart slugs
  7 leopard geckos
  31 orcs
  5 giant cockroaches
  3 goblins
  8 hobgoblins
  4 jackals (D:5)
  6 quokkas
  4 ball pythons
  2 bats (D:1)
  3 frilled lizards
  A giant cockroach zombie (D:4)
  24 kobolds
  2 leopard gecko zombies
  26 rats
245 creatures vanquished.

Vanquished Creatures (collateral kills)
  An orc (D:9)
1 creature vanquished.

Vanquished Creatures (others)
  A slave (D:8)
  A centaur (D:8)
  A bullfrog (D:8)
  A crimson imp (D:8)
  A howler monkey zombie (D:8)
  An adder zombie (D:8)
6 creatures vanquished.

Grand Total: 252 creatures vanquished

Notes
Turn   | Place    | Note
-------+----------+-------------------------------------------
     0 | D:1      | DingoDongler the Gnoll Wanderer began the quest for the Orb.
     0 | D:1      | DingoDongler set off with: a +2 scale mail, a scroll of teleportation, a +0 shortbow, 27 arrows, a ration
     0 | D:1      | Reached XP level 1. HP: 23/23 MP: 1/1
   125 | D:1      | Reached XP level 2. HP: 29/29 MP: 2/2
   804 | D:2      | Noticed Jessica
   815 | D:2      | Killed Jessica
   815 | D:2      | Reached skill level 1 in Invocations
   815 | D:2      | Reached XP level 3. HP: 35/35 MP: 2/4
  1059 | D:2      | Reached skill level 1 in Short Blades
  1059 | D:2      | Reached skill level 1 in Long Blades
  1059 | D:2      | Reached skill level 1 in Maces & Flails
  1059 | D:2      | Reached skill level 1 in Polearms
  1059 | D:2      | Reached skill level 1 in Staves
  1059 | D:2      | Reached skill level 1 in Slings
  1059 | D:2      | Reached skill level 1 in Crossbows
  1059 | D:2      | Reached skill level 1 in Dodging
  1059 | D:2      | Reached skill level 1 in Stealth
  1059 | D:2      | Reached skill level 1 in Shields
  1059 | D:2      | Reached skill level 1 in Unarmed Combat
  1059 | D:2      | Reached skill level 1 in Spellcasting
  1059 | D:2      | Reached skill level 1 in Evocations
  1077 | D:2      | Reached XP level 4. HP: 38/41 MP: 5/5
  1652 | D:3      | Reached skill level 1 in Conjurations
  1652 | D:3      | Reached skill level 1 in Hexes
  1652 | D:3      | Reached skill level 1 in Charms
  1652 | D:3      | Reached skill level 1 in Summonings
  1652 | D:3      | Reached skill level 1 in Necromancy
  1652 | D:3      | Reached skill level 1 in Translocations
  1652 | D:3      | Reached skill level 1 in Transmutations
  1652 | D:3      | Reached skill level 1 in Fire Magic
  1652 | D:3      | Reached skill level 1 in Ice Magic
  1652 | D:3      | Reached skill level 1 in Air Magic
  1652 | D:3      | Reached skill level 1 in Earth Magic
  1652 | D:3      | Reached skill level 1 in Poison Magic
  1716 | D:3      | Reached XP level 5. HP: 38/47 MP: 6/6
  1863 | D:3      | Found a glowing drain.
  1886 | Sewer    | Entered a sewer
  2944 | D:3      | Reached XP level 6. HP: 53/53 MP: 8/8
  3797 | D:4      | Found an ancient bone altar of Kikubaaqudgha.
  3828 | D:4      | Reached skill level 5 in Throwing
  3894 | D:4      | Noticed an eye of draining
  3906 | D:4      | Noticed an eye of draining
  3930 | D:4      | Killed an eye of draining
  3949 | D:4      | Killed an eye of draining
  3949 | D:4      | Reached XP level 7. HP: 60/60 MP: 0/10
  3957 | D:4      | Found a bloodstained altar of Trog.
  4528 | D:4      | Found a staircase to the Ecumenical Temple.
  4565 | Temple   | Entered the Ecumenical Temple
  4604 | Temple   | Became a worshipper of Xom of Chaos
  4830 | D:4      | Found Hucaluh's Food Shop.
  4982 | D:5      | Entered Level 5 of the Dungeon
  5068 | D:5      | XOM is BORED!
  5068 | D:5      | XOM: silly message
  5108 | D:5      | XOM: smoke on damage
  5113 | D:5      | XOM: potion effect (haste)
  5505 | D:5      | Found Hoem's Magic Scroll Shoppe.
  5520 | D:5      | Reached XP level 8. HP: 51/67 MP: 12/12
  6311 | D:5      | Bought a scroll of remove curse for 39 gold pieces
  6311 | D:5      | Bought a scroll of identify for 26 gold pieces
  6393 | D:6      | XOM: mild Pois miscast
  7107 | D:6      | Found a glowing golden altar of the Shining One.
  7130 | D:6      | XOM: harmless Air miscast
  7194 | D:6      | Found a burning altar of Makhleb.
  7416 | D:6      | Reached XP level 9. HP: 72/72 MP: 14/14
  7662 | D:7      | XOM: divination: detect items
  7665 | D:7      | XOM: cast spell 'Summon Butterflies'
  7758 | D:7      | Found a snail-covered altar of Cheibriados.
  7932 | D:7      | XOM: severe Conj miscast
  8209 | D:7      | Noticed a hornet
  8222 | D:7      | Killed a hornet
  8748 | D:7      | Reached skill level 5 in Axes
  8748 | D:7      | Reached skill level 5 in Bows
  8755 | D:7      | XOM: swap monsters
  8791 | D:7      | XOM: swap monsters
  8854 | D:7      | XOM: swap monsters
  8861 | D:7      | Reached skill level 5 in Invocations
  9229 | D:8      | Noticed Pikel
  9265 | D:8      | XOM: summons friendly crimson imp
  9275 | D:8      | XOM: snakes to sticks
  9275 | D:8      | XOM: smoke on damage
  9282 | D:8      | XOM: enchant monster (good)
  9480 | D:8      | Noticed Harold
  9489 | D:8      | XOM: potion effect (agility)
  9494 | D:8      | XOM: scenery: 1 doors open
  9505 | D:8      | Noticed Gastronok
  9516 | D:8      | XOM: summons friendly ufetubus
  9626 | D:8      | XOM: scenery: create altars
  9635 | D:8      | XOM: mild Chrm miscast
  9636 | D:8      | Killed Pikel
  9636 | D:8      | Reached XP level 10. HP: 30/80 MP: 15/17
  9688 | D:8      | XOM: divination: magic mapping
  9714 | D:8      | XOM: mild Tmut miscast
  9766 | D:8      | XOM: enchant monster (good)
  9930 | D:8      | XOM: cloud trail
 10019 | D:8      | XOM: harmless Tloc miscast
 10033 | D:8      | Found a shimmering altar of Xom.
 10072 | D:8      | Found Wampiz's Antique Weapon Shoppe.
 10078 | D:8      | Bought a blackened spear for 184 gold pieces
 10079 | D:8      | Identified the +4 spear "Cym Riont" {pierce, rC++} (You bought it in a shop on level 8 of the Dungeon)
 10089 | D:8      | Found a stormy altar of Qazlal.
 10190 | D:8      | XOM: confusion (+ monsters)
 10214 | D:8      | Got an iridescent morningstar {crush}
 10247 | D:8      | Identified the +3 morningstar "Beetlebane" {crush, SInv Stlth+} (You took it off an orc on level 8 of the Dungeon)
 10274 | D:8      | XOM: divination: detect creatures
 10277 | D:8      | Killed Harold
 10277 | D:8      | Reached skill level 5 in Short Blades
 10277 | D:8      | Reached skill level 5 in Long Blades
 10277 | D:8      | Reached skill level 5 in Maces & Flails
 10277 | D:8      | Reached skill level 5 in Polearms
 10277 | D:8      | Reached skill level 5 in Staves
 10277 | D:8      | Reached skill level 5 in Slings
 10277 | D:8      | Reached skill level 5 in Crossbows
 10277 | D:8      | Reached skill level 5 in Dodging
 10277 | D:8      | Reached skill level 5 in Stealth
 10277 | D:8      | Reached skill level 5 in Shields
 10277 | D:8      | Reached skill level 5 in Unarmed Combat
 10277 | D:8      | Reached skill level 5 in Spellcasting
 10277 | D:8      | Reached skill level 5 in Evocations
 10288 | D:8      | XOM: mild Conj miscast
 10364 | D:8      | XOM: silly message
 10565 | D:8      | XOM: harmless Air miscast
 10872 | D:9      | Found a staircase to the Orcish Mines.
 10904 | D:9      | Found an ancient bone altar of Kikubaaqudgha.
 10988 | D:9      | Found a radiant altar of Vehumet.
 10992 | D:9      | Found a blossoming altar of Fedhas.
 10996 | D:9      | XOM: summons 4 friendly demons
 11126 | D:9      | Found a roughly hewn altar of Beogh.
 11128 | D:9      | XOM: summons 6 friendly demons
 11139 | D:9      | XOM: medium Tloc miscast
 11481 | D:9      | Found a staircase to the Lair.
 11481 | D:9      | Noticed a death yak
 11495 | D:9      | XOM: summons friendly ufetubus
 11501 | D:9      | XOM: scenery: 1 doors open
 11508 | D:9      | XOM: cleaving
 11516 | D:9      | Killed a death yak
 11722 | D:9      | XOM: harmless Tloc miscast
 11823 | D:9      | Noticed Erica
 11834 | D:9      | XOM: scenery: create altars
 11838 | D:9      | XOM: cast spell 'Olgreb's Toxic Radiance'
 11843 | D:9      | Noticed Erica
 11843 | D:9      | Erica changed into Erica the wind drake
 11843 | D:9      | XOM: polymorph Erica -> Erica the wind drake
 11851 | D:9      | Killed Erica the wind drake
 12141 | D:9      | XOM: silly message
 12168 | D:9      | XOM: god gift: 54 gold pieces
 12258 | D:9      | XOM: silly message
 12286 | D:10     | Entered Level 10 of the Dungeon
 12368 | D:10     | Reached XP level 11. HP: 78/87 MP: 19/19
 13089 | D:11     | XOM: harmless Conj miscast
 13092 | D:11     | Reached skill level 5 in Conjurations
 13092 | D:11     | Reached skill level 5 in Hexes
 13092 | D:11     | Reached skill level 5 in Charms
 13092 | D:11     | Reached skill level 5 in Summonings
 13092 | D:11     | Reached skill level 5 in Necromancy
 13092 | D:11     | Reached skill level 5 in Translocations
 13092 | D:11     | Reached skill level 5 in Transmutations
 13092 | D:11     | Reached skill level 5 in Fire Magic
 13092 | D:11     | Reached skill level 5 in Ice Magic
 13092 | D:11     | Reached skill level 5 in Air Magic
 13092 | D:11     | Reached skill level 5 in Earth Magic
 13092 | D:11     | Reached skill level 5 in Poison Magic
 13100 | D:11     | XOM: 1-stop teleportation journey
 13110 | D:11     | XOM: mild Air miscast
 13127 | D:11     | XOM: confusion
 13128 | D:11     | XOM: fog
 13137 | D:11     | XOM: give mutations
 13137 | D:11     | Gained mutation: You have supernaturally acute eyesight. (SInv) [Xom's mischief]
 13137 | D:11     | Gained mutation: You are frail. (-10% HP) [Xom's mischief]
 13173 | D:11     | XOM: blink monster(s)
 13187 | D:11     | Killed from afar by an orc priest

Skill      XL: |  1  2  3  4  5  6  7  8  9 10 11 |
---------------+----------------------------------+-----
Invocations    | 1 2 3 4 5 6 |  6.6
Short Blades   | 1 2 3 4 5 6 |  6.0
Long Blades    | 1 2 3 4 5 6 |  6.0
Maces & Flails | 1 2 3 4 5 6 |  6.0
Polearms       | 1 2 3 4 5 6 |  6.0
Staves         | 1 2 3 4 5 6 |  6.0
Slings         | 1 2 3 4 5 6 |  6.0
Crossbows      | 1 2 3 4 5 6 |  6.0
Dodging        | 1 2 3 4 5 6 |  6.0
Stealth        | 1 2 3 4 5 6 |  6.0
Shields        | 1 2 3 4 5 6 |  6.0
Unarmed Combat | 1 2 3 4 5 6 |  6.0
Spellcasting   | 1 2 3 4 5 6 |  6.0
Evocations     | 1 2 3 4 5 6 |  6.0
Conjurations   | 1 2 3 4 5 |  5.0
Hexes          | 1 2 3 4 5 |  5.0
Charms         | 1 2 3 4 5 |  5.0
Summonings     | 1 2 3 4 5 |  5.0
Necromancy     | 1 2 3 4 5 |  5.0
Translocations | 1 2 3 4 5 |  5.0
Transmutations | 1 2 3 4 5 |  5.0
Fire Magic     | 1 2 3 4 5 |  5.0
Ice Magic      | 1 2 3 4 5 |  5.0
Air Magic      | 1 2 3 4 5 |  5.0
Earth Magic    | 1 2 3 4 5 |  5.0
Poison Magic   | 1 2 3 4 5 |  5.0
Axes           | 3 4 5 6 |  6.6
Bows           | 3 4 5 6 |  6.6
Throwing       | 5 6 7 |  7.6
Fighting       | 7 8 9 |  9.0
Armour         | 7 8 9 |  9.0

Action                   |  1- 3 |  4- 6 |  7- 9 | 10-12 || total
-------------------------+-------+-------+-------+-------++-------
Melee: Shortbow          |     9 |       |       |       ||     9
       Bite              |     3 |    37 |   100 |    41 ||   181
       Mace              |       |   109 |       |       ||   109
       Short sword       |       |   195 |   679 |    38 ||   912
       Punch             |       |     2 |     5 |       ||     7
       Morningstar       |       |       |       |   244 ||   244
       Spear             |       |       |       |    30 ||    30
 Fire: Shortbow          |    75 |    38 |       |       ||   113
  Use: Scroll            |       |     1 |     5 |     5 ||    11
       Potion            |       |       |     2 |     6 ||     8
 Stab: Confused          |       |       |     2 |       ||     2
       Sleeping          |       |       |     1 |     3 ||     4
  Eat: Chunk             |       |     8 |    12 |     4 ||    24
       Ration            |       |     2 |     2 |     3 ||     7
Armor: Scale mail        |    27 |   187 |   357 |   155 ||   726
Dodge: Dodged            |    19 |   185 |   295 |   165 ||   664
Block: Shield            |       |       |   236 |   158 ||   394
